 Dungeon Crawl Stone Soup version 0.21.1-1-g345015f (webtiles) character file.

13792 doot the Arsonist (level 11, -9/86 HPs)
             Began as a Grey Draconian Fire Elementalist on June 11, 2018.
             Was an Elder of Sif Muna.
             Mangled by Donald
             ... wielding a +0 scimitar
              (24 damage)
             ... on level 1 of the Orcish Mines.
             The game lasted 01:01:45 (16804 turns).

doot the Arsonist (DrFE)                           Turns: 16804, Time: 01:01:46

Health: -9/86      AC: 14    Str: 15    XL:     11   Next: 80%
Magic:  19/22      EV: 14    Int: 19    God:    Sif Muna [****..]
Gold:   918        SH:  0    Dex: 11    Spells: 9/25 levels left

rFire    + . .     SeeInvis +   N - +12 whip of Triumph {vamp, rElec MR+ Str+4 SInv}
rCold    + + .     Gourm    +   (no shield)
rNeg     . . .     Faith    .   (armour unavailable)
rPois    .         Spirit   .   (helmet restricted)
rElec    +         Reflect  .   e - scarf {rC+ rF+}
rCorr    .         Harm     .   G - +0 pair of gloves
MR       +....                  I - +0 pair of boots
Stlth    +++.......             P - amulet of the gourmand
HPRegen  0.24/turn              z - ring of protection from cold
MPRegen  0.18/turn              (no ring)

@: no status effects
A: walk through water, unfitting armour, unbreathing, cold-blooded, AC +12
a: Divine Energy, Channel Magic, Forget Spell, Renounce Religion


You were on level 1 of the Orcish Mines.
You worshipped Sif Muna.
Sif Muna was greatly pleased with you.
You were very full.

You visited 4 branches of the dungeon, and saw 15 of its levels.
You also visited: Sewer.

You collected 972 gold pieces.
You spent 54 gold pieces at shops.

Inventory:

Hand Weapons
 a - a +0 scythe
 b - a +0 great sword
 c - a +0 spear
 d - a +0 short sword
 l - a +1 short sword of venom
 p - a +0 trident
 q - a +0 blowgun
 B - a +0 rapier of freezing
 M - a +0 halberd
 N - the +12 whip of Triumph (weapon) {vamp, rElec MR+ Str+4 SInv}
   (You found it on level 8 of the Dungeon)

   It inflicts no extra harm, but heals its wielder when it wounds a living foe.
   It affects your strength (+4).
   It insulates you from electricity.
   It affects your resistance to hostile enchantments.
   It lets you see invisible.
 S - a +0 blowgun
 X - a cursed -3 glaive
Missiles
 i - 4 javelins (quivered)
 r - 26 poisoned needles
Armour
 e - a scarf of resistance (worn)
 G - a +0 pair of gloves (worn)
 I - a +0 pair of boots (worn)
Jewellery
 z - a ring of protection from cold (left hand)
 F - an uncursed amulet of guardian spirit
 P - an amulet of the gourmand (around neck)
Wands
 x - a wand of flame (83)
 D - a wand of random effects (78)
 Q - a wand of digging (9)
 T - a wand of clouds (6)
Scrolls
 g - 2 scrolls of fear
 h - 2 scrolls of enchant weapon {unknown}
 j - 10 scrolls of identify {unknown}
 m - 2 scrolls of magic mapping {unknown}
 n - 6 scrolls of teleportation {unknown}
 s - a scroll of blinking {unknown}
 t - 2 scrolls of fog {unknown}
 v - a scroll of enchant armour {unknown}
 w - 3 scrolls of remove curse {unknown}
 O - 3 scrolls of amnesia {unknown}
 U - a scroll of vulnerability {unknown}
Potions
 f - 2 potions of degeneration {unknown}
 k - 2 potions of magic {unknown}
 o - a potion of resistance {unknown}
 u - a potion of might {unknown}
 A - a potion of cancellation {unknown}
 C - 2 potions of berserk rage {unknown}
 E - 2 potions of flight {unknown}
 H - 2 potions of heal wounds {unknown}
 K - a potion of invisibility {unknown}
 R - a potion of haste {unknown}
 V - a potion of ambrosia {unknown}
 W - a potion of curing
Books
 y - a book of Flames

   Spells                             Type                      Level
   a - Flame Tongue                   Conjuration/Fire             1
   b - Throw Flame                    Conjuration/Fire             2
   c - Conjure Flame                  Conjuration/Fire             3
   d - Inner Flame                    Hexes/Fire                   3
   e - Sticky Flame                   Conjuration/Fire             4
   f - Fireball                       Conjuration/Fire             5
 J - a book of Air

   Spells                             Type                      Level
   a - Shock                          Conjuration/Air              1
   b - Swiftness                      Charms/Air                   2
   c - Static Discharge               Conjuration/Air              3
   d - Airstrike                      Air                          4
   e - Lightning Bolt                 Conjuration/Air              5
Comestibles
 L - 23 rations


   Skills:
 + Level 5.0 Fighting
 + Level 2.1(2.7) Short Blades
 + Level 2.4(2.8) Long Blades
 + Level 4.3 Maces & Flails
 + Level 7.5 Polearms
 + Level 1.7 Throwing
 + Level 5.8 Dodging
 + Level 4.7 Stealth
 + Level 0.2 Unarmed Combat
 + Level 7.9 Spellcasting
 + Level 7.0 Conjurations
 + Level 2.5 Hexes
 + Level 8.8 Fire Magic


You had 9 spell levels left.
You knew the following spells:

 Your Spells              Type           Power        Failure   Level  Hunger
a - Flame Tongue          Conj/Fire      #####        1%          1    None
b - Sticky Flame          Conj/Fire      #####...     3%          4    ###....
c - Conjure Flame         Conj/Fire      #####...     1%          3    None
d - Fireball              Conj/Fire      #####.....   10%         5    #####..
e - Inner Flame           Hex/Fire       ####....     2%          3    None


Dungeon Overview and Level Annotations

Branches:
Dungeon (11/15)            Temple (1/1) D:5            Lair (1/6) D:10
    Orc (2/2) D:10
    Elf: Orc:2

Altars:
Ashenzari
Cheibriados
Dithmenos
Elyvilon
Fedhas
Gozag
Hepliaklqana
Kikubaaqudgha
Makhleb
Nemelex Xobeh
Okawaru
Qazlal
Ru
Sif Muna
Trog
Uskayaw
Vehumet
Wu Jian
Xom
Yredelemnul
Zin
The Shining One
Beogh

Shops:
D:4 *   D:10 [   Orc:1 *

Annotations:
D:11 Josephine
Orc:1 Donald
Orc:2 Stormphoenix's ghost, journeyman MiBe; infcreate's ghost, journeyman MiFi


Innate Abilities, Weirdness & Mutations

You can walk through water.
Your dull iron-grey scales are very hard. (AC +12)
You cannot fit into any form of body armour.
You can survive without breathing.
You are cold-blooded and may be slowed by cold attacks.


Message History

Donald is heavily wounded.
Donald burns!
Donald casts a spell.
Donald seems to grow stronger.
You hit Donald.
You feel better. Donald blocks your attack.
Donald is heavily wounded.
Donald burns!
Donald stops burning.
Donald completely misses you.
You whack Donald!
Your tail-slap misses Donald.
Donald is severely wounded.
Donald hits you with a scimitar!
You whack Donald!
You feel better.
Donald is almost dead.
Donald says, "Maybe I'll visit Hell next."
Donald hits you with a scimitar!!
* * * LOW HITPOINT WARNING * * *
Donald blocks your attack.
Donald is almost dead.
Donald says, "Have you ever seen an orcish miner?
Me neither."
Donald hits you with a scimitar!!
You die...

#.....([.# #
##....[)##
#....)[#.##
#...).[...#
#........##
##....[..##
#....)[..##
##@........####
#.@.......(#..##
##.............##
#....)...[......#
##.......#)#...####
#.....(..##.#.##.##
#.....)............
##...[...##....#...
#........##.#......
#..................


You could see Donald.

Vanquished Creatures
  Snorg (Orc:1)
  Erica (D:9)
  3 two-headed ogres
  An unseen horror (D:10)
  A cyclops (Orc:1)
  An orc sorcerer (Orc:1)
  The ghost of Monsterracer the Chopper, a novice GrSk of Elyvilon (D:5)
  Joseph (D:7)
  The ghost of shugdite the Slasher, a novice MiFi (D:7)
  A troll (Orc:1)
  The ghost of Iko the Magician, an amateur DrWn of Hepliaklqana (D:6)
  A hippogriff (Lair:1)
  Sigmund (D:5)
  Eustachio (D:5)
  5 yaks (Lair:1)
  A human (D:7)
  2 wraiths (D:10)
  4 hogs (D:7)
  An ice beast (D:5)
  A black bear (D:10)
  14 orc warriors
  2 sky beasts
  A phantom (D:4)
  4 ogres
  A centaur (D:7)
  A crocodile (Lair:1)
  2 big kobolds
  5 bullfrogs
  A scorpion (D:5)
  11 killer bees
  5 wights (D:8)
  A howler monkey (D:5)
  A bullfrog zombie (D:5)
  5 crimson imps
  A centaur zombie (D:5)
  A quasit (D:6)
  A jelly (D:7)
  11 orc priests
  4 hounds
  3 bullfrog skeletons
  6 worker ants
  An iguana (D:9)
  19 orc wizards
  A killer bee zombie (D:6)
  2 hound skeletons
  2 worker ant zombies
  7 gnolls
  11 adders
  15 river rats
  3 shadow imps
  4 oozes
  3 adder zombies
  An adder skeleton (D:4)
  A worm (D:4)
  2 dart slugs (D:2)
  4 leopard geckos
  52 orcs
  4 giant cockroaches
  12 goblins
  7 hobgoblins
  10 jackals
  25 kobolds
  10 quokkas
  3 ball pythons
  8 bats
  8 frilled lizards
  A leopard gecko zombie (D:8)
  3 quokka skeletons
  22 rats
352 creatures vanquished.

Vanquished Creatures (others)
  A big kobold (Sewer)
  A fungus (Lair:1)
2 creatures vanquished.

Grand Total: 354 creatures vanquished

Notes
Turn   | Place    | Note
-------+----------+-------------------------------------------
     0 | D:1      | doot the Draconian Fire Elementalist began the quest for the Orb.
     0 | D:1      | Reached XP level 1. HP: 14/14 MP: 3/3
   409 | D:1      | Reached XP level 2. HP: 10/20 MP: 0/5
  1094 | D:1      | Reached XP level 3. HP: 26/26 MP: 3/6
  1862 | D:2      | Reached XP level 4. HP: 34/34 MP: 0/7
  2271 | D:3      | Found a white marble altar of Elyvilon.
  2369 | D:4      | Learned a level 4 spell: Sticky Flame
  2418 | D:4      | Found a sacrificial altar of Ru.
  2428 | D:4      | Noticed a phantom
  2493 | D:4      | Found Monuiwn's Assorted Antiques.
  2596 | D:4      | Reached XP level 5. HP: 21/39 MP: 0/8
  2606 | D:4      | Found a glowing drain.
  2612 | Sewer    | Entered a sewer
  2735 | Sewer    | Learned a level 3 spell: Conjure Flame
  2741 | Sewer    | Reached skill level 4 in Fire Magic
  3189 | Sewer    | Reached skill level 1 in Polearms
  3348 | D:4      | Reached XP level 6. HP: 38/46 MP: 4/10
  3967 | D:4      | Reached skill level 1 in Fighting
  4123 | D:5      | Entered Level 5 of the Dungeon
  4206 | D:5      | Your scales start taking on a dull iron-grey colour.
  4206 | D:5      | Reached XP level 7. HP: 13/52 MP: 0/11
  4206 | D:5      | Gained mutation: You can survive without breathing. [Grey Draconian growth]
  4780 | D:5      | Reached skill level 1 in Short Blades
  4780 | D:5      | Reached skill level 1 in Throwing
  4875 | D:5      | Noticed Sigmund
  4896 | D:5      | Killed Sigmund
  4911 | D:5      | Noticed Monsterracer's ghost (novice GrSk)
  5033 | D:5      | Reached skill level 5 in Fire Magic
  5113 | D:5      | Reached XP level 8. HP: 56/61 MP: 13/13
  5469 | D:5      | Noticed Eustachio
  5623 | D:4      | Learned a level 5 spell: Fireball
  5631 | D:5      | Killed Eustachio
  5748 | D:5      | Found a staircase to the Ecumenical Temple.
  6001 | D:6      | Noticed Iko's ghost (amateur DrWn)
  6045 | Temple   | Entered the Ecumenical Temple
  6068 | Temple   | Became a worshipper of Sif Muna the Loreminder
  7180 | D:5      | Killed Monsterracer's ghost
  7180 | D:5      | Reached skill level 5 in Polearms
  7180 | D:5      | Reached XP level 9. HP: 66/68 MP: 11/15
  7185 | D:5      | Learned a level 3 spell: Inner Flame
  7234 | D:5      | Found an opulent altar of Gozag.
  7449 | D:6      | Killed Iko's ghost
  8086 | D:7      | Reached skill level 5 in Spellcasting
  8480 | D:7      | Found a sparkling altar of Nemelex Xobeh.
  8646 | D:7      | Reached skill level 1 in Hexes
  8698 | D:7      | Reached * piety under Sif Muna
  8698 | D:7      | Reached skill level 6 in Fire Magic
  8989 | D:7      | Noticed Joseph
  9001 | D:7      | Killed Joseph
  9001 | D:7      | Reached skill level 5 in Dodging
  9001 | D:7      | Reached skill level 5 in Conjurations
  9258 | D:7      | Reached skill level 1 in Long Blades
  9258 | D:7      | Reached XP level 10. HP: 78/78 MP: 9/17
  9425 | D:7      | Noticed shugdite's ghost (novice MiFi)
  9657 | D:7      | Killed shugdite's ghost
 10097 | D:8      | Noticed a two-headed ogre
 10121 | D:8      | Killed a two-headed ogre
 10121 | D:8      | Reached ** piety under Sif Muna
 10448 | D:8      | Found a bloodstained altar of Trog.
 10750 | D:8      | Reached skill level 7 in Fire Magic
 10840 | D:8      | Got a fine whip
 10842 | D:8      | Identified the +12 whip of Triumph {vamp, rElec MR+ Str+4 SInv} (You found it on level 8 of the Dungeon)
 10944 | D:8      | Found a radiant altar of Vehumet.
 10973 | D:8      | Found a glowing golden altar of the Shining One.
 11146 | D:8      | Found a deep blue altar of Sif Muna.
 11635 | D:9      | Noticed Erica
 11643 | D:9      | Killed Erica
 11643 | D:9      | Reached skill level 1 in Maces & Flails
 12049 | D:10     | Entered Level 10 of the Dungeon
 12088 | D:10     | Found a staircase to the Orcish Mines.
 12347 | D:10     | Found a roughly hewn altar of Beogh.
 12782 | D:10     | Found a staircase to the Lair.
 12786 | D:10     | Found Derauwne's Armour Boutique.
 12841 | D:10     | Noticed an unseen horror
 12852 | D:10     | Killed an unseen horror
 12852 | D:10     | Reached *** piety under Sif Muna
 12852 | D:10     | Reached XP level 11. HP: 67/84 MP: 16/21
 13549 | D:11     | Noticed Josephine
 13928 | Orc:1    | Entered Level 1 of the Orcish Mines
 13939 | Orc:1    | Noticed a two-headed ogre
 14106 | Lair:1   | Entered Level 1 of the Lair of Beasts
 14133 | Lair:1   | Reached skill level 8 in Fire Magic
 14658 | Orc:1    | Killed a two-headed ogre
 15361 | Orc:1    | Noticed Snorg
 15385 | Orc:1    | Killed Snorg
 15672 | Orc:1    | Reached **** piety under Sif Muna
 15761 | Orc:1    | Found Avimuq's General Store.
 15769 | Orc:1    | Bought a potion of curing for 54 gold pieces
 15919 | Orc:1    | Noticed a two-headed ogre
 15973 | Orc:1    | Killed a two-headed ogre
 15973 | Orc:1    | Reached skill level 5 in Fighting
 16270 | Orc:1    | Noticed an orc sorcerer
 16274 | Orc:1    | Killed an orc sorcerer
 16785 | Orc:2    | Entered Level 2 of the Orcish Mines
 16785 | Orc:2    | Found a radiant altar of Vehumet.
 16785 | Orc:2    | Noticed Donald
 16785 | Orc:2    | Noticed Stormphoenix's ghost (journeyman MiBe)
 16785 | Orc:2    | Noticed infcreate's ghost (journeyman MiFi)
 16804 | Orc:1    | Mangled by Donald

Skill      XL: |  1  2  3  4  5  6  7  8  9 10 11 |
---------------+----------------------------------+-----
Dodging        | 2 3 4 5 |  5.8
Stealth        | 2 3 4 |  4.7
Conjurations   | 2 3 5 6 7 |  7.0
Fire Magic     | 4 5 6 7 8 |  8.8
Polearms       | 1 2 3 5 7 |  7.5
Spellcasting   | 3 4 5 6 7 |  7.9
Fighting       | 1 2 3 4 5 |  5.0
Short Blades   | 2 |  2.1
Throwing       | 1 |  1.7
Hexes          | 1 2 |  2.5
Long Blades    | 1 2 |  2.4
Maces & Flails | 1 4 |  4.3
Unarmed Combat | |  0.2

Action                   |  1- 3 |  4- 6 |  7- 9 | 10-12 || total
-------------------------+-------+-------+-------+-------++-------
Melee: Unarmed           |     6 |       |       |       ||     6
       Short sword       |    21 |       |    29 |       ||    50
       Tailslap          |     2 |     8 |    25 |    29 ||    64
       Spear             |     4 |    30 |       |       ||    34
       Trident           |       |    89 |    16 |       ||   105
       Scythe            |       |       |   164 |    57 ||   221
       Great sword       |       |       |    19 |    22 ||    41
       Whip              |       |       |       |   190 ||   190
Throw: Javelin           |       |     8 |     5 |    16 ||    29
 Cast: Flame Tongue      |    55 |    69 |    87 |   109 ||   320
       Sticky Flame      |       |       |    19 |    36 ||    55
       Conjure Flame     |       |       |    11 |    17 ||    28
       Inner Flame       |       |       |     4 |    26 ||    30
       Fireball          |       |       |       |     5 ||     5
Evoke: Wand              |       |       |       |     1 ||     1
  Use: Scroll            |       |     1 |       |       ||     1
       Potion            |       |     2 |       |       ||     2
 Stab: Sleeping          |     3 |     4 |     3 |     1 ||    11
  Eat: Chunk             |     4 |     8 |    14 |    42 ||    68
       Ration            |       |       |     2 |     1 ||     3
Armor: Skin              |    24 |    40 |   122 |   112 ||   298
Dodge: Dodged            |    33 |    87 |   228 |   219 ||   567
       Rpst.: Great sword |       |       |    10 |     4 ||    14
